 Dungeon Crawl Stone Soup version 0.23.1-37-gaa34b87 (webtiles) character file.

Game seed: 16017675345379806031

122 esteth the Magician (level 5, 0/37 HPs)
             Began as a Gnoll Wizard on Mar 23, 2019.
             Killed from afar by an orc wizard (3 damage)
             ... with a magic dart
             ... on level 3 of the Dungeon.
             The game lasted 00:04:51 (2026 turns).

esteth the Magician (Gnoll Wizard)                  Turns: 2026, Time: 00:04:52

Health: 0/37       AC:  5    Str:  9 (10) XL:     5   Next: 6%
Magic:  2/14       EV: 13    Int: 21 (23) God:
Gold:   79         SH:  0    Dex:  9 (11) Spells: 7/18 levels left

rFire    . . .     SeeInvis .   m - +0 dagger
rCold    . . .     Gourm    .   (no shield)
rNeg     . . .     Faith    .   p - +0 leather armour
rPois    .         Spirit   .   b - +0 hat
rElec    .         Reflect  .   (no cloak)
rCorr    .         Harm     .   g - +1 pair of gloves
MR       .....                  (no boots)
Stlth    +.........             (no amulet)
HPRegen  0.12/turn              c - ring of attention (curse)
MPRegen  0.14/turn              (no ring)

@: flying
A: distributed training, fangs 1, blink, clever 1, clumsy 1, strong nose
a: Blink


You were on level 3 of the Dungeon.
You were hungry.

You visited 1 branch of the dungeon, and saw 3 of its levels.

You collected 79 gold pieces.

Inventory:

Hand Weapons
 j - a +0 short sword
 m - a +0 dagger (weapon)
Armour
 a - a +0 robe
 b - a +0 hat (worn)
 g - a +1 pair of gloves (worn)
 p - a +0 leather armour (worn)
Jewellery
 c - a cursed ring of attention (left hand)
 e - an uncursed ring of fire
Scrolls
 f - 2 scrolls of teleportation
 k - a scroll of identify
 n - 2 scrolls of blinking
 s - a scroll of remove curse
Potions
 o - 2 potions of lignification
Comestibles
 d - 2 rations
 q - a chunk of flesh


   Skills:
 + Level 1.3 Fighting
 + Level 1.3 Short Blades
 + Level 1.3 Long Blades
 + Level 1.3 Axes
 + Level 1.3 Maces & Flails
 + Level 1.3 Polearms
 + Level 1.3 Staves
 + Level 1.3 Slings
 + Level 1.3 Bows
 + Level 1.3 Crossbows
 + Level 1.3 Throwing
 + Level 1.3 Armour
 + Level 4.7 Dodging
 + Level 4.3 Stealth
 + Level 1.3 Shields
 + Level 1.3 Unarmed Combat
 + Level 7.2 Spellcasting
 + Level 2.3 Conjurations
 + Level 1.0 Hexes
 + Level 1.0 Charms
 + Level 2.3 Summonings
 + Level 1.0 Necromancy
 + Level 2.3 Translocations
 + Level 1.0 Transmutations
 + Level 1.0 Fire Magic
 + Level 1.0 Ice Magic
 + Level 1.0 Air Magic
 + Level 1.0 Earth Magic
 + Level 1.0 Poison Magic
 + Level 1.4 Invocations
 + Level 1.3 Evocations


You had 7 spell levels left.
You knew the following spells:

 Your Spells              Type           Power        Failure   Level  Hunger
a - Magic Dart            Conj           ###.         4%          1    None
b - Blink                 Tloc           N/A          7%          2    None
c - Call Imp              Summ           ###.....     7%          2    None
d - Conjure Flame         Conj/Fire      ##......     17%         3    None
e - Mephitic Cloud        Conj/Pois/Air  ##......     19%         3    None

Your spell library contained the following spells:

 Spells                   Type           Power        Failure   Level  Hunger
 Slow                     Hex            ##......     12%         2    None


Dungeon Overview and Level Annotations

Branches:
Dungeon (3/15)

Altars:


Innate Abilities, Weirdness & Mutations

Your experience applies equally to all skills.
You have very sharp teeth.
Your uncanny sense of smell can sniff out nearby items.
You can translocate small distances at will.
Your mind is acute. (Int +2)
You are clumsy. (Dex -2)


Message History

You fly up into the air.
The orc hits you but does no damage.
It was a potion of curing.
You feel better. The orc hits you with a +0 flail!
* * * LOW HITPOINT WARNING * * *
The orc completely misses you.
Casting: Magic Dart (safe; 4% risk of failure)
Confirm with . or Enter, or press ? or * to list all spells.
A beastly little devil appears in a puff of frigid air.
You are feeling hungry.
The orc hits you but does no damage.
Your white imp gestures at the orc.
The puff of frost hits the orc!
The orc dies!
Casting: Call Imp (safe; 7% risk of failure)
Confirm with . or Enter, or press ? or * to list all spells.
You don't have enough magic to cast that spell.
You hit the orc wizard but do no damage.
The orc wizard is lightly wounded.
The orc wizard points at you and mumbles some strange words.
The magic dart hits you.
You die...

....## ##.#...#
.....####...#.#####
.....'.............
∆
.....####...#.##.##
....## ##..#.##.#
...## ##.†..#.#
..## #.#.#..# +##
#..).#.# #.#.##@#
#..5)o.# ######## ∆
∆


You could see an orc wizard and a friendly white imp.

Vanquished Creatures
  Natasha (thrice) (D:2)
  An ooze (D:1)
  A dart slug (D:1)
  3 leopard geckos
  2 orcs (D:3)
  2 bats
  A giant cockroach (D:2)
  9 hobgoblins
  3 frilled lizards
  3 goblins (D:1)
  4 kobolds
  4 rats
36 creatures vanquished.

Vanquished Creatures (collateral kills)
  An orc (D:3)
1 creature vanquished.

Grand Total: 37 creatures vanquished

Notes
Turn   | Place    | Note
-------+----------+-------------------------------------------
     0 | D:1      | esteth the Gnoll Wizard began the quest for the Orb.
     0 | D:1      | Reached XP level 1. HP: 13/13 MP: 8/8
   195 | D:1      | Reached XP level 2. HP: 19/19 MP: 8/10
   337 | D:1      | Reached XP level 3. HP: 25/25 MP: 11/11
  1396 | D:2      | Noticed Natasha
  1406 | D:2      | Killed Natasha
  1406 | D:2      | Reached skill level 1 in Fighting
  1406 | D:2      | Reached skill level 1 in Short Blades
  1406 | D:2      | Reached skill level 1 in Long Blades
  1406 | D:2      | Reached skill level 1 in Axes
  1406 | D:2      | Reached skill level 1 in Maces & Flails
  1406 | D:2      | Reached skill level 1 in Polearms
  1406 | D:2      | Reached skill level 1 in Staves
  1406 | D:2      | Reached skill level 1 in Slings
  1406 | D:2      | Reached skill level 1 in Bows
  1406 | D:2      | Reached skill level 1 in Crossbows
  1406 | D:2      | Reached skill level 1 in Throwing
  1406 | D:2      | Reached skill level 1 in Armour
  1406 | D:2      | Reached skill level 1 in Shields
  1406 | D:2      | Reached skill level 1 in Unarmed Combat
  1406 | D:2      | Reached skill level 1 in Invocations
  1406 | D:2      | Reached skill level 1 in Evocations
  1406 | D:2      | Reached XP level 4. HP: 32/32 MP: 2/13
  1625 | D:2      | Noticed Natasha
  1634 | D:2      | Killed Natasha
  1810 | D:2      | Noticed Natasha
  1820 | D:2      | Killed Natasha
  1820 | D:2      | Reached skill level 1 in Hexes
  1820 | D:2      | Reached skill level 1 in Charms
  1820 | D:2      | Reached skill level 1 in Necromancy
  1820 | D:2      | Reached skill level 1 in Transmutations
  1820 | D:2      | Reached skill level 1 in Fire Magic
  1820 | D:2      | Reached skill level 1 in Ice Magic
  1820 | D:2      | Reached skill level 1 in Air Magic
  1820 | D:2      | Reached skill level 1 in Earth Magic
  1820 | D:2      | Reached skill level 1 in Poison Magic
  1877 | D:2      | Learned a level 2 spell: Blink
  1880 | D:2      | Learned a level 2 spell: Call Imp
  1884 | D:2      | Learned a level 3 spell: Conjure Flame
  1888 | D:2      | Learned a level 3 spell: Mephitic Cloud
  1959 | D:3      | Reached XP level 5. HP: 35/37 MP: 7/14
  2014 | D:3      | HP: 1/37 [orc/+0 flail (6)]
  2016 | D:3      | Gained mutation: You are clumsy. (Dex -2) [potion of
                  | mutation]
  2016 | D:3      | Gained mutation: You can translocate small distances at
                  | will. [potion of mutation]
  2016 | D:3      | Gained mutation: Your mind is acute. (Int +2) [potion of
                  | mutation]
  2026 | D:3      | Killed from afar by an orc wizard

Skill      XL: |  1  2  3  4 |
---------------+-------------+-----
Conjurations   | 2 |  2.3
Summonings     | 2 |  2.3
Translocations | 2 |  2.3
Fighting       | 1 |  1.3
Short Blades   | 1 |  1.3
Long Blades    | 1 |  1.3
Axes           | 1 |  1.3
Maces & Flails | 1 |  1.3
Polearms       | 1 |  1.3
Staves         | 1 |  1.3
Slings         | 1 |  1.3
Bows           | 1 |  1.3
Crossbows      | 1 |  1.3
Throwing       | 1 |  1.3
Armour         | 1 |  1.3
Shields        | 1 |  1.3
Unarmed Combat | 1 |  1.3
Invocations    | 1 |  1.4
Evocations     | 1 |  1.3
Hexes          | 1 |  1.0
Charms         | 1 |  1.0
Necromancy     | 1 |  1.0
Transmutations | 1 |  1.0
Fire Magic     | 1 |  1.0
Ice Magic      | 1 |  1.0
Air Magic      | 1 |  1.0
Earth Magic    | 1 |  1.0
Poison Magic   | 1 |  1.0
Dodging        | |  4.7
Stealth        | |  4.3
Spellcasting   | |  7.2

Action                   |  1- 3 |  4- 6 || total
-------------------------+-------+-------++-------
Melee: Bite              |     6 |     2 ||     8
       Short sword       |     1 |       ||     1
       Unarmed           |     1 |       ||     1
       Dagger            |    65 |    33 ||    98
 Cast: Magic Dart        |    29 |    32 ||    61
       Mephitic Cloud    |       |     1 ||     1
       Call Imp          |       |     1 ||     1
  Use: Potion            |     1 |     4 ||     5
       Scroll            |     5 |     2 ||     7
 Stab: Sleeping          |     1 |       ||     1
  Eat: Chunk             |     1 |     2 ||     3
Armor: Robe              |     2 |       ||     2
       Leather armour    |    16 |    14 ||    30
Dodge: Dodged            |    53 |    38 ||    91
